 Dungeon Crawl Stone Soup version 0.22.1-1-ga44c0e5 (webtiles) character file.

290 Fang the Chopper (level 6, -2/58 HPs)
             Began as a Gargoyle Berserker on Sept 27, 2018.
             Was a Priest of Trog.
             Slain by an orc wizard
             ... wielding a +0 dagger
              (3 damage)
             ... on level 4 of the Dungeon.
             The game lasted 00:05:42 (3047 turns).

Fang the Chopper (Gargoyle Berserker)               Turns: 3047, Time: 00:05:43

Health: -2/58      AC:  6    Str: 28    XL:     6   Next: 32%
Magic:  15/15      EV: 12    Int:  7    God:    Trog [***...]
Gold:   67         SH:  0    Dex:  9    Spells: 5/5 levels left

rFire    . . .     SeeInvis .   a - +0 hand axe
rCold    . . .     Gourm    .   (no shield)
rNeg     + . .     Faith    .   b - +0 animal skin
rPois    ∞         Spirit   .   (no helmet)
rElec    +         Reflect  .   (no cloak)
rCorr    .         Harm     .   (no gloves)
MR       .....                  (no boots)
Stlth    ..........             (no amulet)
HPRegen  0.19/turn              i - ring of magical power
MPRegen  0.14/turn              (no ring)

@: berserking, very quick
A: negative energy resistance 1, electricity resistance, unbreathing,
petrification resistance, rot immunity, AC +4
a: Berserk, Trog's Hand, Renounce Religion


You were on level 4 of the Dungeon.
You worshipped Trog.
Trog was most pleased with you.
You were very hungry.

You visited 1 branch of the dungeon, and saw 4 of its levels.

You collected 67 gold pieces.

Inventory:

Hand Weapons
 a - a +0 hand axe (weapon)
Armour
 b - a +0 animal skin (worn)
Jewellery
 i - a ring of magical power (left hand)
 l - a cursed -2 ring of evasion {unknown}
 q - an uncursed ring of stealth {unknown}
Scrolls
 d - 5 scrolls of teleportation {unknown}
 f - 3 scrolls of identify {unknown}
 k - a scroll of noise {unknown}
 o - a scroll of magic mapping {unknown}
Potions
 e - a potion of might {unknown}
 g - 3 potions of curing {unknown}
 h - a potion of haste {unknown}
 j - a potion of flight {unknown}
 m - a potion of cancellation {unknown}
 n - a potion of agility {unknown}
 p - a potion of lignification {unknown}
Comestibles
 c - 5 rations


   Skills:
 + Level 4.5 Fighting
 + Level 4.6 Axes
 + Level 2.4 Armour
 + Level 3.0 Dodging
 + Level 1.1 Stealth


You had 5 spell levels left.
You didn't know any spells.
Your spell library was empty.

Dungeon Overview and Level Annotations

Branches:
Dungeon (4/15)
 Temple: D:4-7

Altars:
Ru
Wu Jian


Innate Abilities, Weirdness & Mutations

You are resistant to torment.
Your stone body is resilient. (AC +4)
You are immune to poison.
You resist negative energy. (rN+)
You are resistant to electric shocks. (rElec)
You can survive without breathing.
You are immune to petrification.
You are immune to rotting.


Message History

The orc closely misses you.
The orc wizard points at you and mumbles some strange words.
The magic dart hits you!
* * * LOW HITPOINT WARNING * * *
You hit the orc.
The orc is severely wounded.
You slash the orc wizard! You hit the orc.
You kill the orc!
Trog accepts your kill. The orc hits you but does no damage.
The orc wizard hits you from afar with a trident.
* * * LOW HITPOINT WARNING * * *
You slash the orc!
You kill the orc!
Trog accepts your kill.
You hit the orc wizard. The orc wizard hits you with a dagger.
* * * LOW HITPOINT WARNING * * *
Unknown command.
The orc wizard closely misses you. The orc wizard hits you with a dagger.
You die...

...#####.....
#..#......... #
............ #
>.......... #
#.......... #
#.......... #
#....o..).. #
#.o@)......
###'###.... #.# #
#.# #.#####
######### #.....#
#........
#####.####.######.
#......#.##.# #.
#..###.#.##.###.


You could see 2 orc wizards.

Vanquished Creatures
  2 vampire bats (D:3)
  An orc priest (D:4)
  Terence (D:3)
  6 adders
  2 oozes
  A worm (D:3)
  2 dart slugs (D:2)
  8 orcs
  11 bats
  3 giant cockroaches
  11 goblins
  4 hobgoblins
  7 jackals
  8 kobolds
  2 quokkas
  2 ball pythons
  6 frilled lizards
  9 rats
86 creatures vanquished.

Notes
Turn   | Place    | Note
-------+----------+-------------------------------------------
     0 | D:1      | Fang the Gargoyle Berserker began the quest for the Orb.
     0 | D:1      | Reached XP level 1. HP: 14/14 MP: 1/1
    63 | D:1      | Reached XP level 2. HP: 19/19 MP: 2/2
   373 | D:1      | Reached XP level 3. HP: 24/24 MP: 3/3
   526 | D:1      | Reached ** piety under Trog
  1045 | D:2      | Found a faded altar of an unknown god.
  1474 | D:2      | Reached XP level 4. HP: 29/29 MP: 4/4
  1498 | D:2      | Found a sacrificial altar of Ru.
  2224 | D:3      | Reached XP level 5. HP: 33/33 MP: 5/5
  2227 | D:3      | Reached skill level 1 in Stealth
  2442 | D:3      | Reached *** piety under Trog
  2576 | D:3      | Found an ornate altar of the Wu Jian Council.
  2659 | D:3      | Noticed Terence
  2667 | D:3      | Killed Terence
  2667 | D:3      | Reached XP level 6. HP: 38/38 MP: 6/6
  3046 | D:4      | HP: 1/58 [orc wizard/dagger (2)]
  3047 | D:4      | Slain by an orc wizard

Skill      XL: |  1  2  3  4  5  6 |
---------------+-------------------+-----
Axes           | 3 4 |  4.6
Dodging        | 2 3 |  3.0
Fighting       | 4 |  4.5
Stealth        | 1 |  1.1
Armour         | |  2.4

Action                   |  1- 3 |  4- 6 || total
-------------------------+-------+-------++-------
Melee: Hand axe          |   114 |   167 ||   281
Invok: Berserk           |     1 |     4 ||     5
 Stab: Sleeping          |     1 |       ||     1
  Eat: Chunk             |     2 |     8 ||    10
Armor: Animal skin       |    57 |    85 ||   142
Dodge: Dodged            |    97 |   148 ||   245
